 Dungeon Crawl Stone Soup version 0.19-a0-172-g3b1235c (webtiles) character file.

3516 Lugonue the Unseen (level 9, 0/41 HPs)
             Began as a Spriggan Warper on May 22, 2016.
             Was an Initiate of Ashenzari.
             Shot with a bolt by an orc warrior (22 damage)
             ... in a bailey.
             The game lasted 00:39:10 (6642 turns).

Lugonue the Unseen (Spriggan Warper)                Turns: 6642, Time: 00:39:11

Health: 0/41       AC:  3    Str: 11    XL:     9   Next: 81%
Magic:  7/20       EV: 18    Int: 18    God:    Ashenzari [......]
Gold:   386        SH:  0    Dex: 15    Spells: 6 memorised, 8 levels left

rFire  . . .     SeeInvis +     a - +5 rapier (drain)
rCold  . . .     Gourm    .     m - +0 robe
rNeg   . . .     Faith    .     (shield restricted)
rPois  .         Spirit   .     (helmet restricted)
rElec  .         Dismiss  .     t - +0 cloak
rCorr  .         Reflect  .     (gloves unavailable)
SustAt .         Harm     .     (boots unavailable)
MR     +....                    (no amulet)
Stlth  +++++++...               D - +4 ring of strength
                                v - ring of wizardry

@: very quick, somewhat resistant to hostile enchantments, extremely stealthy
A: unfitting armour, see invisible, herbivore 3, speed 3, slow metabolism 2
a: Curse Item, Renounce Religion


You were in a bailey.
You worshipped Ashenzari.
Ashenzari was noncommittal.
You were full.

You visited 2 branches of the dungeon, and saw 10 of its levels.
You also visited: Bailey.

You collected 386 gold pieces.

Inventory:

Hand Weapons
 a - a +5 rapier of draining (weapon)
 b - a +0 blowgun
 e - a +0 short sword
 s - a +0 dagger of venom
Missiles
 q - 4 poisoned needles
 B - 2 tomahawks (quivered)
Armour
 m - a +0 robe (worn)
 t - a +0 cloak (worn)
Jewellery
 v - a ring of wizardry (left hand)
 w - a +3 ring of dexterity
 D - a +4 ring of strength (right hand)
Scrolls
 d - a scroll of blinking
 h - 2 scrolls of identify
 k - a scroll of magic mapping
 l - a scroll of remove curse
 p - a scroll of teleportation {unknown}
 x - a scroll of fear
 y - 2 scrolls of fog
Potions
 g - 2 potions of brilliance
 i - a potion of lignification
 j - a potion of heal wounds {unknown}
 n - a potion of agility
 o - a potion of degeneration
 r - 3 potions of curing
 z - 2 potions of haste
 C - 2 potions of might
Books
 c - a book of Spatial Translocations

   Spells                             Type                      Level
   a - Apportation                    Translocation                1
   b - Blink                          Translocation                2
   c - Shroud of Golubria             Charms/Translocation         2
   d - Portal Projectile              Translocation                3
   e - Teleport Other                 Translocation                3
   f - Passage of Golubria            Translocation                4
 u - a Young Poisoner's Handbook

   Spells                             Type                      Level
   a - Sting                          Conjuration/Poison           1
   b - Cure Poison                    Poison                       2
   c - Mephitic Cloud                 Conjuration/Poison/Air       3
   d - Olgreb's Toxic Radiance        Poison                       4
   e - Venom Bolt                     Conjuration/Poison           5
Comestibles
 f - 3 bread rations
 A - a royal jelly


   Skills:
 - Level 1.5 Fighting
 + Level 4.1 Short Blades
 - Level 1.0 Throwing
 + Level 3.5 Dodging
 - Level 16.8 Stealth
 + Level 7.1 Spellcasting
 + Level 4.1 Charms
 * Level 5.9 Translocations


You had 8 spell levels left.
You knew the following spells:

 Your Spells              Type           Power        Failure   Level  Hunger
a - Apportation           Tloc           ####......   1%          1    None
b - Blink                 Tloc           N/A          1%          2    None
c - Shroud of Golubria    Chrm/Tloc      ###.......   1%          2    None
d - Mephitic Cloud        Conj/Pois/Air  #.......     14%         3    ##.....
e - Passage of Golubria   Tloc           N/A          4%          4    ####...
f - Cure Poison           Pois           #.........   7%          2    None


Dungeon Overview and Level Annotations

Branches:
Dungeon (9/15)             Temple (1/1) D:7
   Lair: D:8-11         Orc: D:9-12

Altars:
Ashenzari
Cheibriados
Dithmenos
Elyvilon
Fedhas
Gozag
Kikubaaqudgha
Makhleb
Nemelex Xobeh
Okawaru
Pakellas
Qazlal
Ru
Vehumet
Xom
Yredelemnul
Zin
The Shining One

Annotations:
D:5 Duffy's ghost, amateur DsMo
D:6 Duffy's ghost, weakling DsMo


Innate Abilities, Weirdness & Mutations

You are tiny and cannot use many weapons and most armour.
You have supernaturally acute eyesight.
You are a herbivore.
You cover ground extremely quickly.
You need consume almost no food.


Message History

The orc looks even sicker.
Firing (i - inventory. (,) - cycle):
q - 4 poisoned needles (quivered)
Press: ? - help, Shift-Dir - straight line, f/p - orc
Aim: an orc, wielding a spear and wearing a ring mail (moderately wounded, poisoned)
You shoot a poisoned needle. The poisoned needle hits the orc.
The orc looks even sicker.
The orc is moderately wounded.
You kill the orc!
There is an open door, spattered with blood here.
Things that are here:
an uncursed halberd; an uncursed chain mail; an orc corpse Your shroud begins to fray at the edges.
q - 4 poisoned needles (gained 1)
You start resting.
Your shroud unravels.
You sense an unholy aura.
a - a +5 rapier of draining (weapon)
The orc warrior shoots a bolt.
The bolt hits you!!
Ouch! That really hurt!
You die...

### ###
##.###########∩## #####
#...##.....##.((##.....
#...#..≈≈≈..#.).#..≈≈≈.
#%..#.≈≈(≈≈.(()((.≈≈o≈≈
#...).≈(()≈))((((.≈oo.≈
#...#.≈≈.≈≈(.@.(((≈≈o≈≈
#...#..≈≈≈..#...#.(≈≈≈.
#%..##.....##.(.##(((..
##.###########∩## #####
### ###


You could see an orc knight and 3 orc warriors.

Vanquished Creatures
  Erica (D:8)
  Eustachio (D:5)
  A vampire (D:9)
  A steam dragon (D:8)
  A hippogriff (D:6)
  3 black bears
  2 sky beasts
  6 orc warriors (Bailey)
  A phantom (D:7)
  An ogre (D:6)
  A centaur (D:7)
  3 scorpions
  3 killer bees (D:8)
  A howler monkey (D:7)
  A quasit (D:8)
  2 hounds
  An orc priest (D:8)
  A giant frog skeleton (D:5)
  Jessica (D:2)
  3 iguanas
  7 orc wizards
  Natasha (D:1)
  5 worker ants
  A hound zombie (D:8)
  A hound skeleton (D:5)
  7 adders
  A shadow imp (D:7)
  An ooze (D:4)
  2 worms
  5 giant geckos
  23 orcs
  3 bats
  2 giant cockroaches
  5 goblins
  8 hobgoblins
  8 jackals
  3 quokkas
  A ball python (D:5)
  4 giant newts
  A jackal skeleton (D:4)
  5 kobolds
  A quokka skeleton (D:4)
  9 rats
139 creatures vanquished.

Vanquished Creatures (others)
  A rat (D:3)
1 creature vanquished.

Grand Total: 140 creatures vanquished

Notes
Turn   | Place    | Note
--------------------------------------------------------------
     0 | D:1      | Lugonue the Spriggan Warper began the quest for the Orb.
     0 | D:1      | Reached XP level 1. HP: 10/10 MP: 5/5
   141 | D:1      | Reached skill level 1 in Stealth
   241 | D:1      | Reached skill level 2 in Stealth
   299 | D:1      | Reached XP level 2. HP: 14/14 MP: 6/6
   318 | D:1      | Learned a level 2 spell: Blink
   422 | D:1      | Reached skill level 3 in Stealth
   490 | D:2      | Learned a level 2 spell: Shroud of Golubria
   593 | D:2      | Noticed Natasha
   606 | D:2      | Noticed Jessica
   738 | D:1      | Reached skill level 5 in Translocations
   738 | D:1      | Reached XP level 3. HP: 12/18 MP: 5/8
   876 | D:1      | Reached skill level 4 in Stealth
   887 | D:1      | Killed Natasha
  1033 | D:2      | Killed Jessica
  1033 | D:2      | Reached skill level 1 in Charms
  1033 | D:2      | Reached XP level 4. HP: 13/22 MP: 9/9
  1627 | D:3      | Found a radiant altar of Vehumet.
  1838 | D:3      | Reached skill level 5 in Stealth
  1895 | D:3      | Found a basalt altar of Yredelemnul.
  2273 | D:4      | Learned a level 3 spell: Mephitic Cloud
  2317 | D:4      | Reached XP level 5. HP: 24/25 MP: 7/10
  2369 | D:4      | Reached skill level 6 in Stealth
  2453 | D:4      | Noticed a phantom
  2746 | D:4      | Reached skill level 7 in Stealth
  2761 | D:4      | Noticed a phantom
  2912 | D:5      | Entered Level 5 of the Dungeon
  2947 | D:5      | Reached XP level 6. HP: 12/30 MP: 7/11
  3013 | D:5      | Noticed a sky beast
  3020 | D:5      | Killed a sky beast
  3020 | D:5      | Reached skill level 8 in Stealth
  3102 | D:5      | Noticed Duffy's ghost (amateur DsMo)
  3143 | D:5      | Noticed Eustachio
  3185 | D:5      | Reached skill level 9 in Stealth
  3307 | D:5      | Reached XP level 7. HP: 24/33 MP: 1/12
  3422 | D:5      | Killed Eustachio
  3422 | D:5      | Reached skill level 10 in Stealth
  3675 | D:5      | Learned a level 4 spell: Passage of Golubria
  3740 | D:6      | Noticed a hippogriff
  3761 | D:6      | Killed a hippogriff
  3761 | D:6      | Reached skill level 11 in Stealth
  4027 | D:6      | Reached XP level 8. HP: 37/37 MP: 12/15
  4179 | D:6      | Noticed Duffy's ghost (weakling DsMo)
  4466 | D:7      | Reached skill level 12 in Stealth
  4556 | D:7      | Found a stormy altar of Qazlal.
  4708 | D:7      | Found a staircase to the Ecumenical Temple.
  4718 | Temple   | Entered the Ecumenical Temple
  4830 | Temple   | Became a worshipper of Ashenzari the Shackled
  4923 | D:7      | Reached skill level 13 in Stealth
  5413 | D:8      | Found a shadowy altar of Dithmenos.
  5413 | D:8      | Found a sacrificial altar of Ru.
  5414 | D:8      | Found a glowing silver altar of Zin.
  5433 | D:8      | Noticed Erica
  5446 | D:8      | Killed Erica
  5446 | D:8      | Reached skill level 14 in Stealth
  5446 | D:8      | Reached skill level 5 in Spellcasting
  5446 | D:8      | Reached XP level 9. HP: 41/41 MP: 7/18
  5717 | D:8      | Reached skill level 15 in Stealth
  5838 | D:8      | Learned a level 2 spell: Cure Poison
  6227 | D:9      | Found a flagged portal.
  6229 | D:9      | Reached skill level 16 in Stealth
  6236 | Bailey   | Entered a bailey
  6236 | Bailey   | Noticed an orc knight
  6642 | Bailey   | Shot with a bolt by an orc warrior

Vault maps used:
D:1:      dpeg_arrival_tiny_f
D:2:      uniq_jessica, uniq_natasha
D:3:      fiery_altar_vehumet, overflow_temple_1_default, lemuel_flame_loot_1
D:4:      first_bread
D:5:      lemuel_doored_altar, uniq_eustachio
D:6:      minmay_misc_feat_rugged
D:7:      grunt_qazlal_clouds, temple_pool_b, kennysheep_nondescript,
          kennysheep_generic_room_6
D:8:      gammafunk_temple_overflow_forgotten, uniq_erica
D:9:      kennysheep_mini_moat, enter_bailey_2
Temple:   circular_temple_pool_12
Bailey:   bailey_polearm_4, bailey

Skill      XL: |  1  2  3  4  5  6  7  8  9 |
---------------+----------------------------+-----
Stealth        | 2 3 4 5 7 9 11 14 16 | 16.8
Translocations | 5 |  5.9
Charms         | 1 2 3 4 |  4.1
Spellcasting   | 3 4 5 7 |  7.1
Short Blades   | 3 4 |  4.1
Fighting       | |  1.5
Throwing       | |  1.0
Dodging        | |  3.5

Action                   |  1- 3 |  4- 6 |  7- 9 || total
-------------------------+-------+-------+-------++-------
Melee: Short sword       |    70 |    51 |       ||   121
       Rapier            |       |   100 |   127 ||   227
       Dagger            |       |       |     5 ||     5
 Fire: Blowgun           |       |       |    35 ||    35
Throw: Tomahawk          |       |     5 |       ||     5
 Cast: Apportation       |     3 |     4 |     7 ||    14
       Shroud of Golubri |     5 |    11 |    12 ||    28
       Blink             |     2 |       |       ||     2
       Mephitic Cloud    |       |    10 |    23 ||    33
       Passage of Golubr |       |       |    12 ||    12
  Use: Potion            |     2 |     3 |     1 ||     6
       Scroll            |       |     7 |     7 ||    14
 Stab: Sleeping          |     4 |    16 |    26 ||    46
       Confused          |       |     6 |     8 ||    14
  Eat: Bread ration      |       |     1 |     1 ||     2
       Pizza             |       |       |     1 ||     1
Armor: Robe              |     7 |    18 |    14 ||    39
Dodge: Dodged            |    57 |    94 |   110 ||   261
